 Dungeon Crawl Stone Soup version 0.27.0-1-g7a089689b8 (webtiles) character file.

Game seed: 16800143820770220926

721 Alakanar the Magician (level 8, -5/45 HPs)
             Began as a Djinni Hedge Wizard on Aug 5, 2021.
             Was a Believer of Hepliaklqana.
             Slain by a hornet (10 damage)
             ... on level 5 of the Dungeon on Aug 6, 2021.
             The game lasted 00:27:15 (5911 turns).

Alakanar the Magician (Djinni Hedge Wizard)         Turns: 5911, Time: 00:27:16

Health: -5/45      AC:  3    Str:  9    XL:     8   Next: 2%
Gold:   222        EV: 12    Int: 24    God:    Hepliaklqana [**....] SH:  0 Dex: 13

rFire    + + .     SeeInvis .   o - staff of cold
rCold    + . .     Faith    .   (no shield)
rNeg     . . .     Spirit   .   b - +0 robe
rPois    ∞         Reflect  .   c - +0 hat
rElec    .         Harm     .   v - scarf {repulsion}
rCorr    .         Rampage  .   n - +0 pair of gloves
Will     .....                  (boots unavailable)
Stlth    ++........             (no amulet)
HPRegen  0.15/turn              e - +6 ring of intelligence
MPRegen  0.00/turn              f - ring of protection from cold

@: flying, repel missiles
A: reduced essence, sickness immunity, fire resistance 2, cold vulnerability 1,
float, innate caster, hp casting, extra vitality 1
a: Renounce Religion, Ancestor Life: Knight, Ancestor Life: Battlemage, Ancestor
Life: Hexer, Recall Ancestor, Ancestor Identity


You were on level 5 of the Dungeon.
You worshipped Hepliaklqana.
Hepliaklqana was pleased with you.
You visited 1 branch of the dungeon, and saw 5 of its levels.

You collected 222 gold pieces.

Inventory:

Hand Weapons
 a - a +0 dagger
Armour
 b - a +0 robe (worn)
 c - a +0 hat (worn)
 n - a +0 pair of gloves (worn)
 v - a scarf of repulsion (worn)
Magical Staves
 o - a staff of cold (weapon)
Jewellery
 e - a +6 ring of intelligence (left hand)
 f - a ring of protection from cold (right hand)
Wands
 m - a wand of flame (21)
 t - a wand of iceblast (6)
 w - a wand of acid (7)
Scrolls
 d - a scroll of fog {unknown}
 g - a scroll of teleportation {unknown}
 i - 2 scrolls of magic mapping {unknown}
 k - 2 scrolls of enchant weapon {unknown}
 l - 2 scrolls of identify {unknown}
 r - a scroll of amnesia {unknown}
 y - a scroll of silence {unknown}
Potions
 h - a potion of brilliance {unknown}
 j - a potion of mutation {unknown}
 p - a potion of lignification {unknown}
 q - 3 potions of curing {unknown}
 s - a potion of resistance {unknown}
 u - a potion of haste {unknown}
 x - a potion of cancellation {unknown}


   Skills:
 - Level 0.3 Fighting
 + Level 2.6 Dodging
 - Level 1.7 Stealth
 * Level 6.6 Spellcasting


You had one spell level left.
You knew the following spells:

 Your Spells              Type           Power      Damage    Failure   Level
a - Magic Dart            Conj           100%       1d8       1%          1
b - Blink                 Tloc           N/A        N/A       1%          2
c - Call Imp              Summ           40%        N/A       1%          2
d - Slow                  Hex            40%        N/A       1%          2
e - Conjure Flame         Conj/Fire      40%        6-21      1%          3
f - Mephitic Cloud        Conj/Pois/Air  40%        N/A       1%          3
g - Freeze                Ice            100%       1d11      1%          1
h - Searing Ray           Conj           80%        3d6       1%          2
i - Lesser Beckoning      Tloc           20%        N/A       1%          3
Your spell library was empty.

Dungeon Overview and Level Annotations

Branches:
Dungeon (5/15)
 Temple: D:4-7

Altars:
Cheibriados
Hepliaklqana

Shops:
D:4 [


Innate Abilities, Weirdness & Mutations

Your life essence is reduced to manifest your ancestor. (-10% HP)
You are immune to sickness and miasma.
You are immune to poison.
Your flesh is very heat resistant. (rF++)
You are vulnerable to cold. (rC-)
You float through the air rather than walking.
You learn spells naturally, not from books.
Your magical power is your life essence.
You have superior vitality. (+4 HP)


Message History

Unknown command.
You swap places.
You reach down and open the door.
A hornet comes into view.
Casting: Searing Ray (safe; 1% risk of failure)
Confirm with . or Enter, or press ? or * to list all spells.
Aiming: Lesser Beckoning (safe; 1% risk of failure)
Press: ? - help, Shift-Dir - straight line, f - hornet
Aim: a hornet (100% to hit)
Nothing appears to happen.
The hornet stings you!
Zolin hits the hornet but does no damage.
The hornet stings you.
Unknown command.
Casting: Lesser Beckoning (safe; 1% risk of failure)
Confirm with . or Enter, or press ? or * to list all spells.
Aiming: Lesser Beckoning (safe; 1% risk of failure)
Press: ? - help, Shift-Dir - straight line, f/p - hornet
Aim: a hornet (ally target, 100% to hit)
Nothing appears to happen.
The hornet stings you!
* * * LOW HITPOINT WARNING * * *
Zolin hits the hornet but does no damage.
Casting: Lesser Beckoning (safe; 1% risk of failure)
Confirm with . or Enter, or press ? or * to list all spells.
You blink.
* * * LOW HITPOINT WARNING * * *
Casting: Blink (safe; 1% risk of failure)
Confirm with . or Enter, or press ? or * to list all spells.
Aiming: Searing Ray (safe; 1% risk of failure)
Press: ? - help, Shift-Dir - straight line, f/p - hornet
Aim: a hornet (ally target, 73% to hit)
The searing ray hits the hornet!
The hornet is moderately wounded. (Press . to maintain the ray.)
* * * LOW HITPOINT WARNING * * *
The searing ray hits the hornet!
The hornet is severely wounded.
Zolin avoids your attack.
* * * LOW HITPOINT WARNING * * *
The hornet stings you!
You die...

######
####.##.##.######
......'.........#
......#.........#
..... #.R.......+
#############...######
#...###...###y..##.#
#............@.....#
#..................#
#..................#
+..................#
#..................#
#..................#
#..................#
##..####...##.######
#..# ##...##.##...#


You could see the friendly Zolin the ancestor and a hornet (ally target).

Vanquished Creatures
  An ice beast (D:5)
  An ogre (D:2)
  A centaur (D:5)
  A phantom (D:3)
  A jelly (D:4)
  3 iguanas
  An iron imp (D:3)
  Ijyb (D:4)
  An orc wizard (D:4)
  7 adders
  An adder skeleton (D:4)
  A worm (D:3)
  An orc (D:4)
  5 bats
  6 endoplasms
  4 giant cockroaches
  8 goblins
  4 hobgoblins
  12 jackals
  5 quokkas
  5 ball pythons
  2 frilled lizards (D:2)
  2 kobolds (D:2)
  10 rats
84 creatures vanquished.

Vanquished Creatures (collateral kills)
  2 orc wizards (D:4)
  A howler monkey skeleton (D:5)
  An adder (D:4)
  An adder skeleton (D:4)
  A dart slug (D:1)
  2 bats (D:3)
  An endoplasm (D:1)
  A hobgoblin (D:1)
  A quokka (D:1)
  A rat (D:1)
12 creatures vanquished.

Vanquished Creatures (others)
  2 fungi (D:2)
  25 plants
27 creatures vanquished.

Grand Total: 123 creatures vanquished

Notes
Turn   | Place    | Note
-------+----------+-------------------------------------------
     0 | D:1      | Alakanar the Djinni Hedge Wizard began the quest for the
                  | Orb.
     0 | D:1      | Reached XP level 1. HP: 15/15 MP: 0/0
    78 | D:1      | Reached XP level 2. HP: 11/21 MP: 0/0
   656 | D:1      | Reached skill level 3 in Spellcasting
   670 | D:1      | Reached XP level 3. HP: 14/25 MP: 0/0
   670 | D:1      | Learned a level 1 spell: Freeze
  1838 | D:2      | Noticed an ogre
  1855 | D:2      | Killed an ogre
  1856 | D:2      | Reached skill level 4 in Spellcasting
  1856 | D:2      | Reached XP level 4. HP: 9/31 MP: 0/0
  1856 | D:2      | Reached XP level 5. HP: 10/35 MP: 0/0
  1856 | D:2      | Learned a level 2 spell: Searing Ray
  2414 | D:2      | Found a faded altar of an unknown god.
  2422 | D:2      | Became a worshipper of Hepliaklqana the Forgotten
  2422 | D:2      | Reached * piety under Hepliaklqana
  2435 | D:2      | You are sucked into a shaft and drop 1 floor!
  2485 | D:3      | Noticed a phantom
  2496 | D:3      | Killed a phantom
  2497 | D:3      | Reached XP level 6. HP: 19/36 MP: 0/0
  3455 | D:3      | Found a snail-covered altar of Cheibriados.
  3501 | D:3      | Reached skill level 5 in Spellcasting
  3945 | D:4      | Found Gingesk's Armour Shop.
  4367 | D:4      | Reached ** piety under Hepliaklqana
  4396 | D:4      | Noticed Ijyb
  4403 | D:4      | Killed Ijyb
  4551 | D:4      | Reached XP level 7. HP: 22/40 MP: 0/0
  4551 | D:4      | Learned a level 3 spell: Lesser Beckoning
  5221 | D:4      | Reached skill level 6 in Spellcasting
  5562 | D:5      | Entered Level 5 of the Dungeon
  5825 | D:5      | Reached XP level 8. HP: 36/45 MP: 0/0
  5906 | D:5      | Noticed a hornet
  5911 | D:5      | Slain by a hornet

Illustrated notes

Levels and vault maps discovered:
D:1:      heliophobic_arrival_henge, layout_loops_ring
D:2:      layout_basic, shapermc_ecumenical_altar_rom_forum
D:3:      layout_basic, chei_slow_surprise, kennysheep_donut
D:4:      layout_layer_cave, serial_bayou, serial_bayou_lake_a,
          serial_bayou_pond_c, serial_bayou_ford_a, serial_bayou_pond_e,
          nicolae_stop_n_shop_1, uniq_ijyb
D:5:      layout_gridville, nicolae_wu_jian_wuxing_cycle

Skill      XL: |  1  2  3  4  5  6  7 |
---------------+----------------------+-----
Spellcasting   | 3 4 5 6 |  6.6
Fighting       | |  0.3
Dodging        | |  2.6
Stealth        | |  1.7

Action                   |  1- 3 |  4- 6 |  7- 9 || total
-------------------------+-------+-------+-------++-------
Melee: Staff             |       |       |     3 ||     3
 Cast: Magic Dart        |    74 |    86 |    18 ||   178
       Call Imp          |     5 |       |       ||     5
       Freeze            |     4 |    14 |     2 ||    20
       Blink             |     2 |     1 |     1 ||     4
       Mephitic Cloud    |     1 |     1 |       ||     2
       Searing Ray       |       |     5 |    11 ||    16
       Slow              |       |     1 |       ||     1
       Lesser Beckoning  |       |       |     2 ||     2
Invok: Recall Ancestor   |       |     1 |       ||     1
Armor: Robe              |     3 |     4 |     2 ||     9
Dodge: Dodged            |     6 |    14 |     3 ||    23
